 Dungeon Crawl Stone Soup version 0.31-a0-625-gc9c7e45f3f (webtiles) character file.

Game seed: 4990479753197071254

182 Ijustatesigmund the Trooper (level 5, 0/35 HPs)
             Began as a Gargoyle Fighter on Aug 24, 2023.
             Slain by a ball python (1 damage)
             ... in a sewer.
             The game lasted 00:03:09 (1989 turns).

Ijustatesigmund the Trooper (Gargoyle Fighter)      Turns: 1989, Time: 00:03:10

Health: 0/35       AC: 10    Str: 21    XL:     5   Next: 61%
Magic:  5/5        EV:  6    Int:  9    God:
Gold:   123        SH:  4    Dex:  9    Spells: 4/4 levels left

rFire   . . .        a - +1 flail
rCold   . . .        c - +0 buckler
rNeg    + . .        b - +0 scale mail
rPois   ∞            (no helmet)
rElec   +            (no cloak)
rCorr   .            (no gloves)
SInv    .            (no boots)
Will    .....        (no amulet) Stlth
                     (no ring)
HPRegen 0.25/turn    (no ring)
MPRegen 0.09/turn

%: no passive effects
@: constricted
A: sickness immunity, AC +4, negative energy resistance 1, electricity
resistance, torment resistance 1, petrification resistance
a: no special abilities


You were in a sewer.
You visited 1 branch of the dungeon, and saw 4 of its levels.
You also visited: Sewer.

You collected 123 gold pieces.

Inventory:

Hand Weapons
 a - a +1 flail (weapon)
Armour
 b - a +0 scale mail (worn)
 c - a +0 buckler (worn)
Jewellery
 g - a ring of ice
Scrolls
 h - a scroll of fear {unknown}
 i - 2 scrolls of identify
 l - a scroll of blinking
 m - a scroll of noise
 n - a scroll of vulnerability {unknown}
 o - a scroll of teleportation {unknown}
 p - a scroll of enchant weapon
Potions
 d - a potion of might
 e - a potion of enlightenment {unknown}
 f - 2 potions of curing
 j - a potion of resistance
 k - 2 potions of magic
 q - a potion of degeneration {unknown}
 r - a potion of heal wounds {unknown}


   Skills:
 + Level 5.2 Fighting
 + Level 4.2 Maces & Flails
 - Level 3.2 Armour
 - Level 3.2 Shields


You had 4 spell levels left.
You didn't know any spells.
Your spell library contained the following spells:

 Spells                   Type           Power      Damage    Failure   Level
 Freeze                   Ice            0%         1d3       80%         1
 Blink                    Tloc           0%         N/A       90%         2
 Lesser Beckoning         Tloc           0%         N/A       90%         2
 Momentum Strike          Conj/Tloc      0%         3d8       90%         2
 Frozen Ramparts          Ice            0%         1d1       99%         3
 Hailstorm                Conj/Ice       0%         3d3       99%         3
 Ozocubu's Armour         Ice            0%         N/A       99%         3
 Metabolic Englaciation   Hex/Ice        0%         N/A       100%        5
 Simulacrum               Ice/Necr       0%         N/A       100%        6


Dungeon Overview and Level Annotations

Branches:
Dungeon (4/15)             Temple (0/1) D:4           Sewer (1/1)

Altars:

Annotations:
D:3 Grinder, Sigmund


Innate Abilities, Weirdness & Mutations

You are immune to sickness and miasma.
Your stone body is resilient. (AC +4)
You are immune to poison.
You resist negative energy. (rN+)
You are resistant to electric shocks. (rElec)
You are resistant to unholy torment.
You are immune to petrification.


Message History

The ball python misses you. The ball python barely misses you.
The ball python completely misses you. The adder bites you.
The bullfrog closely misses you.
You barely miss the ball python.
The bullfrog hits you but does no damage.
The bullfrog barely misses you. The adder bites you but does no damage.
The ball python misses you. The ball python completely misses you.
The ball python bites you but does no damage.
The ball python grabs you. The ball python constricts you.
The bullfrog hits you but does no damage.
You barely miss the ball python. The bullfrog barely misses you.
The bullfrog hits you. The adder bites you but does no damage.
The ball python bites you but does no damage.
The ball python constricts you.
The ball python bites you but does no damage.
The bullfrog hits you but does no damage. x2
The adder bites you but does no damage. The ball python closely misses you.
You block the ball python's attack. The ball python constricts you.
You sock the ball python!
You kill the ball python!
You block the bullfrog's attack. You block the ball python's attack.
The bullfrog hits you! The adder bites you but does no damage.
The ball python bites you but does no damage.
The ball python constricts you. The bullfrog hits you.
The bullfrog hits you but does no damage.
The ball python barely misses you.
You hit the adder.
The adder is moderately wounded.
The bullfrog hits you.
* * * LOW HITPOINT WARNING * * *
The ball python bites you but does no damage.
The ball python constricts you.
The bullfrog hits you but does no damage.
The adder bites you.
* * * LOW HITPOINT WARNING * * *
The ball python bites you but does no damage.
The bullfrog hits you.
* * * LOW HITPOINT WARNING * * *
The ball python bites you.
You die...

## ~.~##
##~.~~ #~
~#≈≈# #~~~≈~
#~≈≈~≈~#
#≈~~≈≈
#≈~≈~≈≈#
#~~≈~≈
#≈≈~~~≈#
#~~~≈≈
#~#~≈~≈#
#≈≈≈~~
#≈~≈~≈≈#
#≈≈≈~~
#SSF≈≈≈#
#≈≈≈≈~
#S@F≈≈≈#
##~...
#≈~S~≈≈#
#≈~..~
#~≈~~≈≈#
#≈...~
#≈≈~~≈≈#
#~~~~≈
#≈≈~~~≈#
#~≈~≈≈
#≈≈≈~~≈#
#≈~~≈≈
#~≈≈~≈≈#
#≈≈≈†≈
#≈~~~~≈#####
#≈≈≈~≈
##~~~.###..#
##†..~


You could see 2 bullfrogs, an adder and 3 ball pythons.

Vanquished Creatures
  A scorpion (D:4)
  2 river rats (Sewer)
  2 adders (Sewer)
  2 worms (D:4)
  5 bats
  7 endoplasms
  2 goblins (D:1)
  7 hobgoblins
  3 jackals (D:2)
  2 kobolds (D:2)
  2 quokkas
  11 ball pythons
  5 frilled lizards
  33 rats
84 creatures vanquished.

Notes
Turn   | Place    | Note
-------+----------+-------------------------------------------
     0 | D:1      | Ijustatesigmund the Gargoyle Fighter began the quest for
                  | the Orb.
     0 | D:1      | Reached XP level 1. HP: 14/14 MP: 1/1
    73 | D:1      | Reached XP level 2. HP: 19/19 MP: 2/2
   205 | D:1      | Reached XP level 3. HP: 21/24 MP: 3/3
   219 | D:1      | Reached skill level 4 in Fighting
  1036 | D:3      | Noticed Sigmund
  1036 | D:3      | Noticed Grinder
  1040 | D:3      | Found a faded altar of an unknown god.
  1113 | D:4      | Noticed a scorpion
  1125 | D:4      | Killed a scorpion
  1126 | D:4      | Reached XP level 4. HP: 30/30 MP: 4/4
  1155 | D:4      | Found a glowing drain.
  1182 | D:4      | Reached XP level 5. HP: 33/34 MP: 5/5
  1184 | Sewer    | Entered a sewer
  1239 | Sewer    | Reached skill level 5 in Fighting
  1989 | Sewer    | HP: 1/35 [bullfrog (6)]
  1989 | Sewer    | Slain by a ball python

Illustrated notes

Levels and vault maps discovered:
D:1:      dpeg_arrival_shrine, layout_rooms
D:2:      layout_rooms
D:3:      layout_loops_ring, mainiacjoe_overflow_cross_hatched,
          nemelex_spade_bored_becter, gammafunk_temple_overflow_pools,
          dreamdust_ecumenical_altar_statues, uniq_robin, uniq_grinder,
          uniq_sigmund
D:4:      layout_basic, mainiacjoe_overflow_alcove_1, temple_doors_ab,
          cheibrodos_sewer_entry_bend, kennysheep_dice
Sewer:    sewer_minmay_w

Skill      XL: |  1  2  3  4  5 |
---------------+----------------+-----
Fighting       | 4 5 |  5.2
Maces & Flails | 3 4 |  4.2
Armour         | |  3.2
Shields        | |  3.2

Action                     |  1- 3 |  4- 6 || total
---------------------------+-------+-------++-------
  Melee: Flail             |   133 |   146 ||   279
    Use: Scroll            |     7 |       ||     7
 Armour: Scale mail        |   109 |   162 ||   271
  Dodge: Dodged            |    83 |   152 ||   235
  Block: Buckler           |    29 |    48 ||    77

Table legend: (Time is in decaauts)
 A = Elapsed time spent in this place.
 B = Non-inter-level travel time spent in this place.
 C = Inter-level travel time spent in this place.
 D = Time resting spent in this place.
 E = Time spent auto-exploring this place.
 F = Levels seen in this place.
 G = Mean time per level.
                   A        B        C        D        E       F      G
               +--------+--------+--------+--------+--------+-----+--------+
         Total |   2098 |   1960 |    138 |    447 |    946 |   5 |  419.6 |
       Dungeon |   1230 |   1092 |    138 |      0 |    764 |   4 |  307.5 |
         Sewer |    868 |    868 |      0 |    447 |    182 |   1 |  868.0 |
               +--------+--------+--------+--------+--------+-----+--------+

Top non-repeatable levels by time:
   Sewer: 868 daAuts
     D:2: 585 daAuts
     D:1: 483 daAuts
     D:4: 150 daAuts
     D:3: 10 daAuts
